 Dungeon Crawl Stone Soup version 0.29.0-4-gdea44cf6ec (webtiles) character file.

Game seed: 14151233436751827712

94 qw the Ruffian (level 4, -3/44 HPs)
             Began as a Troll Cinder Acolyte on Sept 1, 2022.
             Was a High Priest of Ignis.
             Killed by divine providence
             ... invoked by an orc priest
              (17 damage)
             ... on level 3 of the Dungeon.
             The game lasted 00:00:58 (1669 turns).

qw the Ruffian (Troll Cinder Acolyte)               Turns: 1669, Time: 00:00:59

Health: -3/44      AC: 13    Str: 24    XL:     4   Next: 38%
Magic:  4/4        EV:  9    Int: 10    God:    Ignis [*****.]
Gold:   85         SH:  0    Dex:  5    Spells: 5/5 levels left

rFire   + . .      SeeInvis .     - Unarmed
rCold   . . .      Faith    .   (no shield)
rNeg    . . .      Spirit   .   a - +0 robe
rPois   .          Reflect  .   (helmet restricted)
rElec   .          Harm     .   g - +1 cloak
rCorr   .          Rampage  .   (gloves unavailable)
Will    .....                   (boots unavailable)
Stlth   +.........              e - amulet of regeneration
HPRegen 1.74/turn               (no ring)
MPRegen 0.09/turn               (no ring)

@: fiery-armoured
A: large, unfitting armour, claws 3, regeneration 1, shaggy fur 1, tough skin 1
a: Renounce Religion, Fiery Armour, Foxfire Swarm, Rising Flame


You were on level 3 of the Dungeon.
You worshipped Ignis.
Ignis was extremely pleased with you.
You visited 1 branch of the dungeon, and saw 3 of its levels.

You collected 85 gold pieces.


Innate Abilities, Weirdness & Mutations

You are too large for most types of armour.
You have claws for hands.
Your natural rate of healing is unusually fast.
You are covered in fur. (AC +1)
You have tough skin. (AC +1)


   Skills:
 - Level 2.4 Fighting
 + Level 5.2 Unarmed Combat
 - Level 1.0 Spellcasting
 - Level 2.1 Fire Magic


You had 5 spell levels left.
You didn't know any spells.
Your spell library contained the following spells:

 Spells                   Type           Power      Damage    Failure   Level
 Scorch                   Fire           8%         2d5       22%         2

Inventory:

Armour
 a - a +0 robe (worn)
 g - a +1 cloak (worn)
Jewellery
 e - an amulet of regeneration (around neck)
Scrolls
 c - a scroll of teleportation
Potions
 b - a potion of berserk rage {unknown}
 f - a potion of heal wounds {unknown}
 h - a potion of lignification {unknown}

Dungeon Overview and Level Annotations

Branches:
Dungeon (3/15)

Altars:

Shops:
D:1 !


Message History

HP restored.
An orc priest comes into view. It is wielding a +0 flail.
The orc priest shouts!
You see here a white potion.
An orc, an orc priest and a hobgoblin come into view.
The orc shouts!
The orc priest shouts!
The hobgoblin shouts!
1659 ||| INVOKING Fiery Armour.
A protective cloak of flame settles atop you.
The orc priest casts a cantrip, but nothing happens.
You scratch the orc priest but do no damage.
You closely miss the orc priest.
The orc priest casts a cantrip, but nothing happens.
You claw the orc priest!
The orc priest is severely wounded.
1664 ||| Stepping ~*~*~tactically~*~*~ (outnumbered).
The hobgoblin attacks as you move away! The hobgoblin hits you.
The hobgoblin is burned by your cloak of flames.
The hobgoblin is almost dead.
The orc attacks as you move away! The orc barely misses you.
The orc priest looks satisfied for a moment.
The orc priest mumbles some strange prayers to Beogh against you.
Pain shoots through your body!
1665 ||| Stepping ~*~*~tactically~*~*~ (outnumbered).
The hobgoblin attacks as you move away! The hobgoblin closely misses you.
The orc priest mumbles some strange prayers to Beogh against you.
Beogh smites you!
You hear a shout!
You see here a white potion.
You mangle the hobgoblin!!
You kill the hobgoblin!
An orc wizard comes into view. It is wielding a +0 dagger.
1667 ||| Stepping ~*~*~tactically~*~*~ (outnumbered).
The orc attacks as you move away! The orc closely misses you.
The orc priest invokes the aid of Beogh against you.
Beogh smites you!
1668 ||| Stepping ~*~*~tactically~*~*~ (hiding).
You closely miss the orc.
The orc priest mumbles some strange prayers to Beogh against you.
Beogh smites you!
You die...

####.#### #...<...#
#.#####.# .# #.# #.#
#.# #.# #.#
####.#####.######
..###...............#
.......##@########.#
..###...##o#
#.o.....!.#
........oo..#
##...........#
####...##....#
#...#.......
#............
###.....~~...~


You could see 2 orc priests and an orc.

Vanquished Creatures
  4 adders
  A worm (D:2)
  A dart slug (D:2)
  6 endoplasms
  2 giant cockroaches
  6 goblins
  8 hobgoblins
  3 jackals (D:1)
  A kobold (D:1)
  3 quokkas
  4 ball pythons
  4 bats
  4 rats
47 creatures vanquished.

Notes
Turn   | Place    | Note
-------+----------+-------------------------------------------
     0 | D:1      | qw the Troll Cinder Acolyte began the quest for the Orb.
     0 | D:1      | Reached XP level 1. HP: 22/22 MP: 1/1
     0 | D:1      | 0 ||| qw: Version: 0.1-a-97-g2dd2ca4
     0 | D:1      | 0 ||| qw: Game counter: 4776
     0 | D:1      | 0 ||| qw: Always use a shield: true
     0 | D:1      | 0 ||| qw: God list: Okawaru
     0 | D:1      | 0 ||| qw: Allow faded altars: false
     0 | D:1      | 0 ||| qw: Do Orc after D:15 true
     0 | D:1      | 0 ||| qw: Do second Lair branch before Depths: true
     0 | D:1      | 0 ||| qw: Lair rune preference: random
     0 | D:1      | 0 ||| qw: Plans: Normal
     0 | D:1      | 0 ||| PLANNING D:1-11
   225 | D:1      | Reached XP level 2. HP: 29/29 MP: 2/2
   254 | D:1      | Found Jyitudghiy's Distillery.
   283 | D:1      | 283 ||| SHOPLISTING 2 potions of curing (72 gold, have 23).
   283 | D:1      | 283 ||| SHOPLISTING potion of cancellation (96 gold, have
                  | 23).
   283 | D:1      | 283 ||| SHOPLISTING potion of curing (36 gold, have 23).
   283 | D:1      | 283 ||| SHOPLISTING potion of haste (120 gold, have 23).
   283 | D:1      | 283 ||| SHOPLISTING potion of resistance (120 gold, have
                  | 23).
   516 | D:1      | 516 ||| Stepping ~*~*~tactically~*~*~ (stealth).
   518 | D:1      | 518 ||| Stepping ~*~*~tactically~*~*~ (outnumbered).
   519 | D:1      | 519 ||| INVOKING Fiery Armour.
   521 | D:1      | 521 ||| Stepping ~*~*~tactically~*~*~ (outnumbered).
   523 | D:1      | Reached skill level 4 in Unarmed Combat
   914 | D:1      | 914 ||| UPGRADING to +0 cloak.
   919 | D:1      | 919 ||| UPGRADING to amulet of regeneration.
   924 | D:1      | 924 ||| READING scroll labelled VIBRIL FYMUSS.
   925 | D:1      | 925 ||| READING scroll labelled ARYTHR IFUI.
   926 | D:1      | 926 ||| READING scroll labelled BAFUPY SIONK.
   996 | D:2      | 996 ||| Stepping ~*~*~tactically~*~*~ (outnumbered).
   997 | D:2      | 997 ||| Stepping ~*~*~tactically~*~*~ (outnumbered).
   999 | D:2      | Reached XP level 3. HP: 36/36 MP: 3/3
  1110 | D:2      | 1110 ||| READING scroll of enchant armour.
  1110 | D:2      | 1110 ||| ENCHANTING +0 cloak.
  1343 | D:2      | Reached skill level 5 in Unarmed Combat
  1343 | D:2      | Reached XP level 4. HP: 44/44 MP: 4/4
  1365 | D:2      | Found a faded altar of an unknown god.
  1478 | D:2      | 1478 ||| Stepping ~*~*~tactically~*~*~ (outnumbered).
  1479 | D:2      | 1479 ||| Stepping ~*~*~tactically~*~*~ (outnumbered).
  1481 | D:2      | 1481 ||| Stepping ~*~*~tactically~*~*~ (outnumbered).
  1482 | D:2      | 1482 ||| Stepping ~*~*~tactically~*~*~ (outnumbered).
  1508 | D:2      | 1508 ||| READING scroll labelled RAZUAD VA COTE.
  1513 | D:2      | 1513 ||| Stepping ~*~*~tactically~*~*~ (hiding).
  1659 | D:3      | 1659 ||| INVOKING Fiery Armour.
  1664 | D:3      | 1664 ||| Stepping ~*~*~tactically~*~*~ (outnumbered).
  1665 | D:3      | 1665 ||| Stepping ~*~*~tactically~*~*~ (outnumbered).
  1667 | D:3      | 1667 ||| Stepping ~*~*~tactically~*~*~ (outnumbered).
  1667 | D:3      | HP: 10/44 [orc priest/divine providence (14)]
  1668 | D:3      | 1668 ||| Stepping ~*~*~tactically~*~*~ (hiding).
  1669 | D:3      | Killed from afar by an orc priest

Levels and vault maps discovered:
D:1:      dpeg_arrival_houses_and_road, layout_basic, serial_shops,
          nicolae_shop_waterfront, minmay_cut_off
D:2:      minmay_alternating_diamond, layout_rooms,
          hellmonk_ecumenical_altar_inner_sanctum
D:3:      layout_loops_ring, eat_drink_and_be_merry_uskayaw,
          nicolae_qazlal_general_emergency, ebering_ghost_sewer_d, moated_statue

Skill      XL: |  1  2  3 |
---------------+----------+-----
Unarmed Combat | 4 5 |  5.2
Fighting       | |  2.4
Spellcasting   | |  1.0
Fire Magic     | |  2.1

Action                   |  1- 3 |  4- 6 || total
-------------------------+-------+-------++-------
Melee: Unarmed           |   107 |    32 ||   139
       Punch             |     1 |       ||     1
Invok: Fiery Armour      |     1 |     1 ||     2
  Use: Scroll            |     4 |     1 ||     5
Armor: Robe              |    39 |     7 ||    46
Dodge: Dodged            |    28 |    15 ||    43

Table legend:
 A = Non-vault XP
 B = Vault XP
 C = Vault XP percentage of total XP
 D = Non-vault monster count
 E = Vault monster count
 F = Vault count percentage of total count
                 A         B        C        D         E       F
            +---------+---------+-------+---------+---------+-------
      Total |     122 |      13 |   9.6 |      40 |       7 |  14.9
            +---------+---------+-------+---------+---------+-------
        D:1 |      34 |       6 |  15.0 |      19 |       3 |  13.6
        D:2 |      72 |       7 |   8.9 |      19 |       4 |  17.4
        D:3 |      16 |       0 |   0.0 |       2 |       0 |   0.0
            +---------+---------+-------+---------+---------+-------
